 Dungeon Crawl Stone Soup version 0.22.0-6-g71bd7aa (webtiles) character file.

7 KLATTERAL the Grave Robber (level 2, -1/22 HPs)
             Began as a Naga Necromancer on Aug 14, 2018.
             Killed from afar by a dart slug (8 damage)
             ... with a slug dart
             ... on level 1 of the Dungeon.
             The game lasted 00:06:38 (368 turns).

KLATTERAL the Grave Robber (Naga Necromancer)        Turns: 368, Time: 00:06:39

Health: -1/22      AC:  1    Str: 10    XL:     2   Next: 4%
Magic:  3/5        EV: 10    Int: 15    God:
Gold:   0          SH:  0    Dex: 11    Spells: 3/5 levels left

rFire    . . .     SeeInvis +   e - 14 needles (poison)
rCold    . . .     Gourm    .   (no shield)
rNeg     . . .     Faith    .   a - +0 robe
rPois    +         Spirit   .   (no helmet)
rElec    .         Reflect  .   (no cloak)
rCorr    .         Harm     .   (no gloves)
MR       .....                  (no barding)
Stlth    ++........             (no amulet)
HPRegen  0.07/turn              (no ring)
MPRegen  0.09/turn              (no ring)

@: very slow
A: large, see invisible, deformed body, poison resistance, slowness 2, slow
metabolism 1, spit poison 1, AC +0
a: Spit Poison


You were on level 1 of the Dungeon.
You were not hungry.

You visited 1 branch of the dungeon, and saw 1 of its levels.

Inventory:

Missiles
 e - 14 poisoned needles (in hand)
Armour
 a - a +0 robe (worn)
Scrolls
 b - a scroll of identify {unknown}
Comestibles
 c - 2 rations


   Skills:
 + Level 1.5 Dodging
 - Level 3.0 Stealth
 + Level 2.2 Spellcasting
 + Level 4.2 Necromancy


You had 3 spell levels left.
You knew the following spells:

 Your Spells              Type           Power        Failure   Level  Hunger
a - Pain                  Necr           ##..         3%          1    #......
b - Animate Skeleton      Necr           N/A          3%          1    #......

Your spell library contained the following spells:

 Spells                   Type           Power        Failure   Level  Hunger
 Animate Dead             Necr           N/A          36%         4    #####..
 Vampiric Draining        Necr           ##........   12%         3    ###....
 Regeneration             Chrm/Necr      #.........   26%         3    ###....


Dungeon Overview and Level Annotations

Branches:
Dungeon (1/15)

Altars:


Innate Abilities, Weirdness & Mutations

You cannot wear boots.
Your serpentine skin is tough. (AC +0)
You have supernaturally acute eyesight. (SInv)
Armour fits poorly on your strangely shaped body.
Your system is resistant to poisons. (rPois)
You cover ground very slowly.
You have a slow metabolism.
You can spit poison.


Message History

Your ball python skeleton bites the dart slug but does no damage.
Your ball python skeleton constricts the dart slug.
The dart slug launches a dart at you. The slug dart hits you!
Your ball python skeleton loses its grip on the dart slug.
Your ball python skeleton bites the dart slug but does no damage.
Your ball python skeleton grabs the dart slug.
Your ball python skeleton constricts the dart slug.
The dart slug barely misses your ball python skeleton.
Your ball python skeleton bites the dart slug but does no damage.
Your ball python skeleton constricts the dart slug.
The dart slug launches a dart at your ball python skeleton.
The slug dart hits your ball python skeleton.
Your ball python skeleton is destroyed!
The dart slug bites you.
You clumsily bash the dart slug but do no damage.
The dart slug is almost dead.
The dart slug launches a dart at you. The slug dart hits you!
You die...

#.##.# #....## #....#
#....# ###..# #....#
###############..# #....#
........##.......# #....#
......#..#.####.####....#
.....................>..#
.......#.####.#####.....##
.......#.@# #.# #.......
####...##w# #....##.......
#### #..# #.......... ...#
###........ .....
............ #......
#####.#####. #####..# #.#
#. ... #.# #. .### #.# #.


You could see a dart slug.

Vanquished Creatures
  A ball python (D:1)
  A giant cockroach (D:1)
  A goblin (D:1)
  3 bats (D:1)
  A frilled lizard (D:1)
7 creatures vanquished.

Notes
Turn   | Place    | Note
-------+----------+-------------------------------------------
     0 | D:1      | KLATTERAL the Naga Necromancer began the quest for the Orb.
     0 | D:1      | Reached XP level 1. HP: 15/15 MP: 3/3
     9 | D:1      | Learned a level 1 spell: Animate Skeleton
   356 | D:1      | Reached XP level 2. HP: 19/22 MP: 3/5
   368 | D:1      | Killed from afar by a dart slug

Action                   || total
-------------------------++-------
 Cast: Pain              ||     9
       Animate Skeleton  ||     3
Armor: Robe              ||    10
Dodge: Dodged            ||    20
